SA
DELAWARE 1787 BC @ GALESBURG GUZZLERS
08/18/2030
 
TOP OF THE 1ST
Delaware 1787 BC batting - Pitching for Galesburg Guzzlers : RHP Idowu Okonjo
Pitching: RHP Idowu Okonjo
Batting: RHB Luke Kreijling 0-0: Ball
1-0: Ball
2-0: Ball
3-0: Called Strike
3-1: Foul Ball, location: 2F
3-2: Foul Ball, location: 2F
3-2: Base on Balls
Batting: RHB Mathew Wall 0-0: Ball
1-0: Called Strike
1-1: SINGLE (Groundball, 4D)
Luke Kreijling to second
Runner from 2nd tries for 3rd, SAFE, throw made at trailing runner, OUT!
Batting: LHB Bryce Abood 0-0: Called Strike
0-1: Ball
1-1: Ball
2-1: Ground out 4-3 (Groundball, 4)
Luke Kreijling scores
Batting: RHB Mario Castillo 0-0: Swinging Strike
0-1: Swinging Strike
0-2: Ball
1-2: Ball
2-2: Strikes out swinging
Top of the 1st over - 1 run, 1 hit, 0 errors, 0 left on base; Delaware 1 - Galesburg 0
BOTTOM OF THE 1ST
Galesburg Guzzlers batting - Pitching for Delaware 1787 BC : RHP NaNomi Lojore
Pitching: RHP NaNomi Lojore
Batting: RHB Yu-shu Tseng 0-0: Called Strike
0-1: Fly out, F9 (Flyball, 89M)
Batting: RHB Bastiaan Pieterse 0-0: Ball
1-0: Foul Ball, location: 2F
1-1: Swinging Strike
1-2: Strikes out swinging
Batting: RHB Tony Martínez 0-0: Ball
1-0: SINGLE (Groundball, 5S) (infield hit)
Batting: RHB Moriz Ayushiev 0-0: Called Strike
0-1: Ball
1-1: Ball
2-1: SINGLE (Groundball, 56D)
Tony Martínez to second
Batting: RHB Pacu Martic 0-0: Called Strike
0-1: Ball
1-1: Called Strike
1-2: Ball
2-2: Fielders Choice at 2nd, 5-4 (Groundball, 5L)
Bottom of the 1st over - 0 runs, 2 hits, 0 errors, 2 left on base; Delaware 1 - Galesburg 0
TOP OF THE 2ND
Delaware 1787 BC batting - Pitching for Galesburg Guzzlers : RHP Idowu Okonjo
Batting: RHB Darryl Reed 0-0: Foul Ball, location: 2F
0-1: Ball
1-1: Ball
2-1: SOLO HOME RUN (Flyball, 9D), Distance : 366 ft
Batting: RHB Mike Pate 0-0: Ground out U3 (Groundball, 34S)
Batting: LHB Hai-feng Tang 0-0: SINGLE (Flyball, 78S)
Batting: RHB Norberto Rivera 0-0: Swinging Strike
0-1: Called Strike
0-2: Strikes out looking
Batting: LHB Todd Bonzalez 0-0: Swinging Strike
0-1: Swinging Strike
0-2: Foul Ball, location: 2F
0-2: Strikes out swinging
Top of the 2nd over - 1 run, 2 hits, 0 errors, 1 left on base; Delaware 2 - Galesburg 0
BOTTOM OF THE 2ND
Galesburg Guzzlers batting - Pitching for Delaware 1787 BC : RHP NaNomi Lojore
Batting: RHB Derek Bouch 0-0: Called Strike
0-1: Swinging Strike
0-2: Ground out U3 (Groundball, 3)
Batting: RHB Jeremy Migliorati 0-0: Ball
1-0: Ball
2-0: Foul Ball, location: 2F
2-1: Swinging Strike
2-2: Ground out U3 (Groundball, 3L)
Batting: SHB Louie Vipont 0-0: Ball
1-0: Ball
2-0: Ground out 5-3 (Groundball, 5)
Bottom of the 2nd over - 0 runs, 0 hits, 0 errors, 0 left on base; Delaware 2 - Galesburg 0
TOP OF THE 3RD
Delaware 1787 BC batting - Pitching for Galesburg Guzzlers : RHP Idowu Okonjo
Batting: RHB Luke Kreijling 0-0: Called Strike
0-1: Foul Ball, location: 2F
0-2: Strikes out swinging
Batting: RHB Mathew Wall 0-0: Ball
1-0: Swinging Strike
1-1: Ground out 5-3 (Groundball, 5S)
Batting: LHB Bryce Abood 0-0: Called Strike
0-1: Ball
1-1: Foul Ball, location: 2F
1-2: Foul Ball, location: 2F
1-2: Ball
2-2: Ball
3-2: Foul Ball, location: 2F
3-2: Foul Ball, location: 2F
3-2: SINGLE (Groundball, 6D)
Batting: RHB Mario Castillo 0-0: DOUBLE (Groundball, 5L)
Bryce Abood to third
Runner from 3rd tries for Home, SAFE, no throw
Batting: RHB Darryl Reed 0-0: Swinging Strike
0-1: Swinging Strike
0-2: Ball
1-2: Strikes out swinging
Top of the 3rd over - 1 run, 2 hits, 0 errors, 1 left on base; Delaware 3 - Galesburg 0
BOTTOM OF THE 3RD
Galesburg Guzzlers batting - Pitching for Delaware 1787 BC : RHP NaNomi Lojore
Batting: RHB Gerald Snow 0-0: Called Strike
0-1: Ball
1-1: Swinging Strike
1-2: Ball
2-2: Ball
3-2: Base on Balls
Batting: RHB Yu-shu Tseng 0-0: Ball
1-0: Ball
2-0: Ball
3-0: Called Strike
3-1: Foul Ball, location: 2F
3-2: Fly out, F6 (Popup, 6MS)
Batting: RHB Bastiaan Pieterse 0-0: Ball
1-0: Ball
2-0: Swinging Strike
2-1: Called Strike
2-2: Ball
3-2: Strikes out swinging
Batting: RHB Tony Martínez 0-0: SINGLE (Line Drive, 7S)
Gerald Snow to second
Batting: RHB Moriz Ayushiev 0-0: SINGLE (Groundball, 56D)
Gerald Snow to third
Tony Martínez to second
Runner from 3rd tries for Home, SAFE, no throw
Batting: RHB Pacu Martic 0-0: SINGLE (Line Drive, 4MD)
Tony Martínez to third
Moriz Ayushiev to second
Runner from 3rd tries for Home, SAFE, no throw
Batting: RHB Derek Bouch 0-0: Ball
1-0: Ball
2-0: SINGLE (Groundball, 34S) (infield hit)
Moriz Ayushiev to third
Pacu Martic to second
Batting: RHB Jeremy Migliorati 0-0: Called Strike
0-1: Ball
1-1: Ball
2-1: Called Strike
2-2: Ball
3-2: Foul Ball, location: 2F
3-2: Base on Balls
Moriz Ayushiev scores
Pacu Martic to third
Derek Bouch to second
Batting: SHB Louie Vipont 0-0: Called Strike
0-1: Ground out U3 (Groundball, 34)
Bottom of the 3rd over - 3 runs, 4 hits, 0 errors, 3 left on base; Delaware 3 - Galesburg 3
TOP OF THE 4TH
Delaware 1787 BC batting - Pitching for Galesburg Guzzlers : RHP Idowu Okonjo
Batting: RHB Mike Pate 0-0: Called Strike
0-1: Ball
1-1: Ball
2-1: Ball
3-1: Swinging Strike
3-2: Foul Ball, location: 2F
3-2: Base on Balls
Batting: LHB Hai-feng Tang 0-0: Ball
1-0: Ball
2-0: Ball
3-0: Base on Balls
Mike Pate to second
Batting: RHB Norberto Rivera 0-0: Grounds into double play, 4-6-3 (Groundball, 4)
Mike Pate to third
Batting: LHB Todd Bonzalez 0-0: Ball
1-0: Foul Ball, location: 2F
1-1: Ball
2-1: Ball
3-1: Base on Balls
Batting: RHB Luke Kreijling 0-0: Hit by Pitch
Todd Bonzalez to second
Batting: RHB Mathew Wall 0-0: Ball
1-0: Called Strike
1-1: Foul Ball, location: 2F
1-2: Ball
2-2: Strikes out swinging
Top of the 4th over - 0 runs, 0 hits, 0 errors, 3 left on base; Delaware 3 - Galesburg 3
BOTTOM OF THE 4TH
Galesburg Guzzlers batting - Pitching for Delaware 1787 BC : RHP NaNomi Lojore
Batting: RHB Gerald Snow 0-0: Called Strike
0-1: Fly out, F6 (Flyball, 56D)
Batting: RHB Yu-shu Tseng 0-0: Ball
1-0: Ball
2-0: Called Strike
2-1: Swinging Strike
2-2: Foul Ball, location: 2F
2-2: Ball
3-2: Strikes out swinging
Batting: RHB Bastiaan Pieterse 0-0: Fly out, F8 (Flyball, 78M)
Bottom of the 4th over - 0 runs, 0 hits, 0 errors, 0 left on base; Delaware 3 - Galesburg 3
TOP OF THE 5TH
Delaware 1787 BC batting - Pitching for Galesburg Guzzlers : RHP Idowu Okonjo
Batting: LHB Bryce Abood 0-0: Swinging Strike
0-1: Ball
1-1: Ball
2-1: Ball
3-1: Foul Ball, location: 2F
3-2: Strikes out swinging
Batting: RHB Mario Castillo 0-0: SINGLE (Groundball, 34D)
Batting: RHB Darryl Reed 0-0: Swinging Strike
0-1: Ball
1-1: Ball
2-1: Called Strike
2-2: Fly out, F3 (Popup, 3F)
Batting: RHB Mike Pate 0-0: Called Strike
0-1: Ball
1-1: Ball
2-1: Ball
3-1: Base on Balls
Mario Castillo to second
Pitching: RHP Andrew Jamison
Batting: LHB Hai-feng Tang 0-0: Ball
1-0: 3-RUN HOME RUN (Flyball, 9LD), Distance : 338 ft
Batting: RHB Norberto Rivera 0-0: Called Strike
0-1: Swinging Strike
0-2: Ball
1-2: Foul Ball, location: 2F
1-2: Strikes out swinging
Top of the 5th over - 3 runs, 2 hits, 0 errors, 0 left on base; Delaware 6 - Galesburg 3
BOTTOM OF THE 5TH
Galesburg Guzzlers batting - Pitching for Delaware 1787 BC : RHP NaNomi Lojore
Batting: RHB Tony Martínez 0-0: Ball
1-0: Ball
2-0: Foul Ball, location: 2F
2-1: Foul Ball, location: 2F
2-2: Strikes out swinging
Batting: RHB Moriz Ayushiev 0-0: Called Strike
0-1: Ball
1-1: Called Strike
1-2: Strikes out swinging
Batting: RHB Pacu Martic 0-0: Ground out 6-3 (Groundball, 6)
Bottom of the 5th over - 0 runs, 0 hits, 0 errors, 0 left on base; Delaware 6 - Galesburg 3
TOP OF THE 6TH
Delaware 1787 BC batting - Pitching for Galesburg Guzzlers : RHP Andrew Jamison
Batting: LHB Todd Bonzalez 0-0: Called Strike
0-1: Ball
1-1: SINGLE (Line Drive, 34D)
Batting: RHB Luke Kreijling 0-0: Foul Ball, location: 2F
0-1: Ball
1-1: TRIPLE (Flyball, 9LD)
Todd Bonzalez scores
Batting: RHB Mathew Wall 0-0: Called Strike
0-1: Foul Ball, location: 2F
0-2: Foul Ball, location: 2F
0-2: Ball
1-2: Strikes out swinging
Batting: LHB Bryce Abood 0-0: Called Strike
0-1: Called Strike
0-2: Foul Ball, location: 2F
0-2: Ball
1-2: Foul Ball, location: 2F
1-2: Ball
2-2: Ball
3-2: SINGLE (Flyball, 78S) - OUT at second base trying to stretch hit.
Luke Kreijling scores
Pitching: RHP Russ Rogers
Batting: RHB Mario Castillo 0-0: Ball
1-0: Ball
2-0: Ground out 6-3 (Groundball, 6)
Top of the 6th over - 2 runs, 3 hits, 0 errors, 0 left on base; Delaware 8 - Galesburg 3
BOTTOM OF THE 6TH
Galesburg Guzzlers batting - Pitching for Delaware 1787 BC : RHP NaNomi Lojore
Batting: RHB Derek Bouch 0-0: Swinging Strike
0-1: Ball
1-1: Called Strike
1-2: Foul Ball, location: 2F
1-2: Ball
2-2: Foul Ball, location: 2F
2-2: Ball
3-2: Foul Ball, location: 2F
3-2: Foul Ball, location: 2F
3-2: Base on Balls
Batting: RHB Jeremy Migliorati 0-0: Called Strike
0-1: Foul Ball, location: 2F
0-2: Fly out, F7 (Flyball, 7S)
Batting: SHB Louie Vipont 0-0: Foul Ball, location: 2F
0-1: Ball
1-1: Swinging Strike
1-2: Strikes out swinging
Batting: RHB Gerald Snow 0-0: Ball
1-0: Ball
2-0: Called Strike
2-1: Swinging Strike
2-2: Foul Ball, location: 2F
2-2: Strikes out swinging
Bottom of the 6th over - 0 runs, 0 hits, 0 errors, 1 left on base; Delaware 8 - Galesburg 3
TOP OF THE 7TH
Delaware 1787 BC batting - Pitching for Galesburg Guzzlers : RHP Russ Rogers
Batting: RHB Darryl Reed 0-0: Ball
1-0: Called Strike
1-1: Ball
2-1: SINGLE (Groundball, 56D)
Pitching: LHP Steve Wortley
Batting: RHB Mike Pate 0-0: Ball
1-0: Called Strike
Darryl Reed steals 2nd base
1-1: Called Strike
1-2: Ball
2-2: SINGLE (Line Drive, 89S)
Darryl Reed to third
Batting: LHB Hai-feng Tang 0-0: Ball
1-0: Ball
2-0: Ball
3-0: Called Strike
3-1: Base on Balls
Mike Pate to second
Batting: RHB Norberto Rivera 0-0: Called Strike
0-1: Ball
1-1: Foul Ball, location: 2F
1-2: Strikes out swinging
Batting: LHB Todd Bonzalez 0-0: Ball
1-0: Called Strike
1-1: Foul Ball, location: 2F
1-2: Foul Ball, location: 2F
1-2: Strikes out swinging
Batting: RHB Luke Kreijling 0-0: Foul Ball, location: 2F
0-1: Ball
1-1: Called Strike
1-2: SINGLE (Line Drive, 9S)
Darryl Reed scores
Mike Pate to third
Hai-feng Tang to second
Runner from 3rd tries for Home, throw and OUT!
Top of the 7th over - 1 run, 3 hits, 0 errors, 2 left on base; Delaware 9 - Galesburg 3
BOTTOM OF THE 7TH
Galesburg Guzzlers batting - Pitching for Delaware 1787 BC : RHP NaNomi Lojore
Batting: RHB Yu-shu Tseng 0-0: Foul Ball, location: 2F
0-1: Swinging Strike
0-2: Ball
1-2: SINGLE (Groundball, 6MD)
Batting: RHB Bastiaan Pieterse 0-0: Ball
Yu-shu Tseng is caught stealing 2nd base
1-0: DOUBLE (Flyball, 78D)
Batting: RHB Tony Martínez 0-0: Foul Ball, location: 2F
0-1: Foul Ball, location: 2F
0-2: Ball
1-2: Ball
2-2: Fly out, F6 (Line Drive, 6)
Pitching: RHP Charles Wells
Batting: RHB Moriz Ayushiev 0-0: Called Strike
0-1: Ball
1-1: Ball
2-1: Fly out, F9 (Flyball, 9LSF)
Bottom of the 7th over - 0 runs, 2 hits, 0 errors, 1 left on base; Delaware 9 - Galesburg 3
TOP OF THE 8TH
Delaware 1787 BC batting - Pitching for Galesburg Guzzlers : LHP Steve Wortley
Batting: RHB Mathew Wall 0-0: Fly out, F2 (Popup, 2LF)
Batting: LHB Bryce Abood 0-0: Called Strike
0-1: Swinging Strike
0-2: Foul Ball, location: 2F
0-2: Strikes out swinging
Batting: RHB Mario Castillo 0-0: DOUBLE (Flyball, 8RD)
Batting: RHB Darryl Reed 0-0: Ball
1-0: Swinging Strike
1-1: Foul Ball, location: 2F
1-2: Ball
2-2: Strikes out swinging
Top of the 8th over - 0 runs, 1 hit, 0 errors, 1 left on base; Delaware 9 - Galesburg 3
BOTTOM OF THE 8TH
Galesburg Guzzlers batting - Pitching for Delaware 1787 BC : RHP Charles Wells
Batting: RHB Pacu Martic 0-0: Foul Ball, location: 2F
0-1: Called Strike
0-2: Ball
1-2: Ball
2-2: Ball
3-2: Foul Ball, location: 2F
3-2: Foul Ball, location: 2F
3-2: Strikes out swinging
Batting: RHB Derek Bouch 0-0: Called Strike
0-1: Ball
1-1: Fly out, F7 (Flyball, 7D)
Batting: RHB Jeremy Migliorati 0-0: Ball
1-0: Foul Ball, location: 2F
1-1: SINGLE (Line Drive, 56D)
Batting: SHB Louie Vipont 0-0: Called Strike
0-1: Called Strike
0-2: Strikes out swinging
Bottom of the 8th over - 0 runs, 1 hit, 0 errors, 1 left on base; Delaware 9 - Galesburg 3
TOP OF THE 9TH
Delaware 1787 BC batting - Pitching for Galesburg Guzzlers : LHP Steve Wortley
Batting: RHB Mike Pate 0-0: Foul Ball, location: 2F
0-1: Foul Ball, location: 2F
0-2: Ball
1-2: Ground out 5-3 (Groundball, 56)
Batting: LHB Hai-feng Tang 0-0: Ball
1-0: Ball
2-0: Called Strike
2-1: Ball
3-1: Foul Ball, location: 2F
3-2: Ground out 4-3 (Groundball, 4)
Batting: RHB Norberto Rivera 0-0: SINGLE (Flyball, 8RS)
Batting: LHB Todd Bonzalez 0-0: Ball
1-0: Called Strike
1-1: Foul Ball, location: 2F
1-2: Strikes out swinging
Top of the 9th over - 0 runs, 1 hit, 0 errors, 1 left on base; Delaware 9 - Galesburg 3
BOTTOM OF THE 9TH
Galesburg Guzzlers batting - Pitching for Delaware 1787 BC : RHP Charles Wells
Now at C: Tomás Cameros
Now in RF: Tobias Jimenez
Batting: RHB Gerald Snow 0-0: Called Strike
0-1: Ball
1-1: Fly out, F8 (Flyball, 8RD)
Batting: RHB Yu-shu Tseng 0-0: Ball
1-0: Ball
2-0: Ball
3-0: Base on Balls
Batting: RHB Bastiaan Pieterse 0-0: Ball
1-0: Ground out 5-3 (Groundball, 56S)
Yu-shu Tseng to second
Batting: RHB Tony Martínez 0-0: Called Strike
0-1: Swinging Strike
0-2: Foul Ball, location: 2F
0-2: Foul Ball, location: 2F
0-2: Foul Ball, location: 2F
0-2: Ball
1-2: Strikes out swinging
Bottom of the 9th over - 0 runs, 0 hits, 0 errors, 1 left on base; Delaware 9 - Galesburg 3
Sunday, March 18th, 2018 - OOTP Baseball 18.8 Build 76